 Dungeon Crawl Stone Soup version 0.22.0-5-gf09313c8f9 (webtiles) character file.

123 Htamos the Magician (level 4, -1/41 HPs)
             Began as a Troll Wizard on Aug 13, 2018.
             Slain by an adder (5 damage)
             ... on level 3 of the Dungeon.
             The game lasted 00:04:07 (2116 turns).

Htamos the Magician (Troll Wizard)                  Turns: 2116, Time: 00:04:08

Health: -1/41      AC:  5    Str: 15    XL:     4   Next: 79%
Magic:  6/6        EV:  9    Int: 15    God:
Gold:   144        SH:  0    Dex:  8    Spells: 6/7 levels left

rFire    . . .     SeeInvis .   (no weapon)
rCold    . . .     Gourm    +   (no shield)
rNeg     . . .     Faith    .   a - +0 robe
rPois    .         Spirit   .   b - +0 hat
rElec    .         Reflect  .   (no cloak)
rCorr    .         Harm     .   (gloves unavailable)
MR       .....                  (boots unavailable)
Stlth    +.........             (no amulet)
HPRegen  0.53/turn              (no ring)
MPRegen  0.10/turn              (no ring)

@: lethally poisoned (-1 -> -1), heavily drained
A: large, unfitting armour, claws 3, fast metabolism 3, gourmand, regeneration
1, shaggy fur 1, tough skin 2
a: no special abilities


You were on level 3 of the Dungeon.
You were full.

You visited 1 branch of the dungeon, and saw 3 of its levels.

You collected 144 gold pieces.

Inventory:

Hand Weapons
 k - a +1 dagger of draining
Missiles
 c - 147 stones (quivered)
Armour
 a - a +0 robe (worn)
 b - a +0 hat (worn)
Jewellery
 n - an uncursed ring of flight {unknown}
 q - an uncursed amulet of magic regeneration {unknown}
 r - an uncursed ring of magical power {unknown}
Scrolls
 e - a scroll of remove curse {unknown}
 f - 5 scrolls of identify {unknown}
 h - 2 scrolls of teleportation {unknown}
 i - a scroll of immolation {unknown}
 l - a scroll of blinking {unknown}
Potions
 g - 4 potions of curing {unknown}
 j - a potion of mutation {unknown}
 m - a potion of agility {unknown}
 o - a potion of haste {unknown}
 p - a potion of ambrosia {unknown}
 s - 2 potions of berserk rage {unknown}
Comestibles
 d - 10 rations


   Skills:
 + Level 1.0(0.0) Fighting
 + Level 2.1(0.4) Dodging
 + Level 1.4(0.0) Stealth
 + Level 1.4(0.0) Unarmed Combat
 + Level 2.2(0.5) Spellcasting
 * Level 1.9(0.2) Conjurations
   Level 0.6(0.0) Summonings
   Level 0.6(0.0) Translocations


You had 6 spell levels left.
You knew the following spells:

 Your Spells              Type           Power        Failure   Level  Hunger
a - Magic Dart            Conj           #...         24%         1    ##.....

Your spell library contained the following spells:

 Spells                   Type           Power        Failure   Level  Hunger
 Conjure Flame            Conj/Fire      #.......     58%         3    ####...
 Slow                     Hex            #.......     36%         2    ###....
 Mephitic Cloud           Conj/Pois/Air  #.......     58%         3    ####...
 Blink                    Tloc           N/A          36%         2    ###....
 Call Imp                 Summ           #.......     36%         2    ###....


Dungeon Overview and Level Annotations

Branches:
Dungeon (3/15)

Altars:
Yredelemnul
The Shining One


Innate Abilities, Weirdness & Mutations

You are too large for most types of armour.
You have claws for hands.
Your metabolism is lightning-fast.
You like to eat raw meat.
Your natural rate of healing is unusually fast.
You are covered in fur. (AC +1)
You have very tough skin. (AC +2)


Message History

You scratch the adder.
The adder is almost dead.
You feel sick. The adder bites you.
* * * LOW HITPOINT WARNING * * *
The orc hits you with a hand axe.
* * * LOW HITPOINT WARNING * * *
The adder bites you.
* * * LOW HITPOINT WARNING * * *
You are more poisoned.
The adder poisons you!
You scratch the adder but do no damage.
The adder is almost dead.
The orc hits you with a hand axe.
* * * LOW HITPOINT WARNING * * *
The adder closely misses you.
Unknown command.
You scratch the adder but do no damage.
The adder is almost dead.
You feel sick. The adder bites you.
You die...

#.# #.#...... ######
#?####.#......
.....)####.#....#.......
............#.#.........
...........#...........
###....(...........####.
............##..........
...........†##..........
......S@....##..........
......o.....##..........
......%.....##.....#####
............##.....#
....#########.....)#####
....#............##.....
.!. #.............'.....
## ##.............#.....
<..............#.....


You could see an adder and an orc.

Vanquished Creatures
  An orc wizard (D:2)
  3 adders
  A worm (D:3)
  2 dart slugs
  A leopard gecko (D:2)
  4 orcs
  3 giant cockroaches (D:3)
  4 goblins
  6 hobgoblins
  3 jackals (D:2)
  2 quokkas
  10 bats
  4 frilled lizards
  6 kobolds
  A quokka zombie (D:2)
  6 rats
57 creatures vanquished.

Notes
Turn   | Place    | Note
-------+----------+-------------------------------------------
     0 | D:1      | Htamos the Troll Wizard began the quest for the Orb.
     0 | D:1      | Reached XP level 1. HP: 16/16 MP: 2/2
   227 | D:1      | Reached skill level 1 in Conjurations
   227 | D:1      | Reached XP level 2. HP: 19/24 MP: 4/4
   760 | D:2      | Reached XP level 3. HP: 32/32 MP: 5/5
   824 | D:2      | Reached skill level 1 in Unarmed Combat
   874 | D:2      | Reached XP level 4. HP: 27/40 MP: 4/6
  1438 | D:2      | Found a glowing golden altar of the Shining One.
  1614 | D:3      | HP: 2/40 [adder (1)]
  1620 | D:3      | HP: 1/40 [poisoned by an adder]
  1627 | D:3      | HP: 2/40 [poisoned by an adder]
  2012 | D:3      | Reached skill level 1 in Fighting
  2037 | D:3      | Found a basalt altar of Yredelemnul.
  2116 | D:3      | Slain by an adder

Skill      XL: |  1  2  3  4 |
---------------+-------------+-----
Conjurations   | 1 |  1.9
Unarmed Combat | 1 |  1.4
Dodging        | 2 |  2.1
Fighting       | 1 |  1.0
Stealth        | |  1.4
Spellcasting   | |  2.2
Summonings     | |  0.6
Translocations | |  0.6

Action                   |  1- 3 |  4- 6 || total
-------------------------+-------+-------++-------
Melee: Unarmed           |    88 |   186 ||   274
 Cast: Magic Dart        |     4 |     3 ||     7
 Stab: Sleeping          |     2 |       ||     2
  Eat: Chunk             |     7 |    16 ||    23
Armor: Robe              |    38 |    95 ||   133
Dodge: Dodged            |    53 |   116 ||   169
